 Dungeon Crawl Stone Soup version 0.31-a0-321-g19405a7a6a (webtiles) character file.

Game seed: 3043544778516195344

10 HallandMoats the Trooper (level 2, 0/24 HPs)
             Began as a Demonspawn Fighter on July 17, 2023.
             Slain by a hobgoblin (1 damage)
             ... on level 1 of the Dungeon.
             The game lasted 00:00:26 (236 turns).

HallandMoats the Trooper (Demonspawn Fighter)        Turns: 236, Time: 00:00:27

Health: 0/24       AC:  6    Str: 16    XL:     2   Next: 10%
Magic:  2/2        EV:  5    Int:  9    God:
Gold:   19         SH:  4    Dex: 12    Spells: 1/1 levels left

rFire   . . .        a - +0 war axe
rCold   . . .        c - +0 buckler
rNeg    . . .        b - +0 scale mail
rPois   .            (no helmet)
rElec   .            (no cloak)
rCorr   .            (no gloves)
SInv    .            (no boots)
Will    .....        (no amulet) Stlth
                     (no ring)
HPRegen 0.24/turn    (no ring)
MPRegen 0.08/turn

%: no passive effects
@: constricted
A: powered by pain 1
a: no special abilities


You were on level 1 of the Dungeon.
You visited 1 branch of the dungeon, and saw 1 of its levels.

You collected 19 gold pieces.

Inventory:

Hand Weapons
 a - a +0 war axe (weapon)
Armour
 b - a +0 scale mail (worn)
 c - a +0 buckler (worn)
Potions
 d - a potion of might
 e - a potion of attraction {unknown}


   Skills:
 * Level 3.1 Fighting
 * Level 2.0 Axes
 + Level 2.8 Armour
 + Level 0.2 Dodging
 + Level 2.7 Shields


You had one spell level left.
You didn't know any spells.
Your spell library was empty.

Dungeon Overview and Level Annotations

Branches:
Dungeon (1/15)

Altars:


Innate Abilities, Weirdness & Mutations

You sometimes gain a little power by taking damage.


Message History

The ball python bites you but does no damage.
The ball python constricts you. The hobgoblin hits you.
The ball python bites you. The ball python constricts you.
The hobgoblin hits you but does no damage.
The ball python bites you. The ball python constricts you.
The hobgoblin hits you but does no damage.
The ball python bites you but does no damage.
The ball python constricts you. You block the hobgoblin's attack.
You block the ball python's attack. The ball python constricts you.
The hobgoblin hits you. You block the ball python's attack.
The ball python constricts you. You block the ball python's attack.
The ball python constricts you. The hobgoblin hits you.
The ball python bites you. The ball python constricts you.
* * * LOW HITPOINT WARNING * * *
You block the hobgoblin's attack.
The ball python bites you but does no damage.
The ball python constricts you.
The hobgoblin hits you but does no damage.
The ball python bites you.
* * * LOW HITPOINT WARNING * * *
The ball python constricts you.
The hobgoblin hits you but does no damage.
The ball python bites you but does no damage.
The ball python constricts you.
* * * LOW HITPOINT WARNING * * *
Unknown command.
The hobgoblin hits you but does no damage.
The ball python bites you.
* * * LOW HITPOINT WARNING * * *
The ball python constricts you.
The ball python bites you but does no damage.
The ball python constricts you.
The hobgoblin hits you but does no damage.
You block the ball python's attack. The ball python constricts you.
You block the hobgoblin's attack. The ball python bites you.
* * * LOW HITPOINT WARNING * * *
The ball python constricts you. The hobgoblin hits you.
You die...

##. #.. #.. #.. ..
##.######... #....S....##
#...@g......
#....################
#########.##.#............
#.>.....#.##.#...###.#####
#.#####.#.##.+............
#.# #.....##.#..........#.
#.# #.....##.#......)...#.
#.# #........##.......#.#.
##.###.................#.#.


You could see a hobgoblin and a ball python.

Vanquished Creatures
  An endoplasm (D:1)
  2 goblins (D:1)
  2 hobgoblins (D:1)
  A quokka (D:1)
  A kobold (D:1)
  2 rats (D:1)
9 creatures vanquished.

Notes
Turn   | Place    | Note
-------+----------+-------------------------------------------
     0 | D:1      | HallandMoats the Demonspawn Fighter began the quest for the
                  | Orb.
     0 | D:1      | Reached XP level 1. HP: 18/18 MP: 1/1
    92 | D:1      | Gained mutation: You sometimes gain a little power by
                  | taking damage. [demonic ancestry]
    92 | D:1      | Reached XP level 2. HP: 11/24 MP: 2/2
   236 | D:1      | HP: 1/24 [ball python (2)]
   236 | D:1      | Slain by a hobgoblin

Illustrated notes

Levels and vault maps discovered:
D:1:      lightli_arrival_boilingwater, layout_basic, chequers_arboretum,
          minmay_misc_feat_rows

Skill      XL: |  1 |
---------------+----+-----
Axes           | 2 |  2.0
Fighting       | |  3.1
Armour         | |  2.8
Dodging        | |  0.2
Shields        | |  2.7

Action                     || total
---------------------------++-------
  Melee: War axe           ||    10
 Armour: Scale mail        ||    29
  Dodge: Dodged            ||    11
  Block: Buckler           ||    13

Table legend: (Time is in decaauts)
 A = Elapsed time spent in this place.
 B = Non-inter-level travel time spent in this place.
 C = Inter-level travel time spent in this place.
 D = Time resting spent in this place.
 E = Time spent auto-exploring this place.
 F = Levels seen in this place.
 G = Mean time per level.
                   A        B        C        D        E       F      G
               +--------+--------+--------+--------+--------+-----+--------+
         Total |    242 |    242 |      0 |      0 |    169 |   1 |  242.0 |
       Dungeon |    242 |    242 |      0 |      0 |    169 |   1 |  242.0 |
               +--------+--------+--------+--------+--------+-----+--------+

Top non-repeatable levels by time:
     D:1: 242 daAuts
